 Dungeon Crawl Stone Soup version 0.30-a0-862-g1aabd4f9c5 (webtiles) character file.

Game seed: 16970986727782083936

277234 jasper the Phalangite (level 19, -21/161 HPs)
             Began as a Merfolk Gladiator on Mar 7, 2023.
             Was the Champion of Okawaru.
             Killed from afar by a Brimstone Fiend (33 damage)
             ... with damnation
             ... summoned by a deep elf demonologist
             ... on level 1 of the Elven Halls on Mar 8, 2023.
             The game lasted 01:44:19 (47577 turns).

jasper the Phalangite (Merfolk Gladiator)          Turns: 47577, Time: 01:44:19

Health: -21/161    AC: 39    Str: 23    XL:     19   Next: 92%
Magic:  24/24      EV: 19    Int:  9    God:    Okawaru [******]
Gold:   612        SH:  0    Dex: 25    Spells: 18/18 levels left

rFire   + + .      SeeInvis .    U - +9 bardiche (freeze)
rCold   + . .      Faith    +    (shield currently unavailable)
rNeg    + + .      Spirit   .    k - +14 plate armour of Qotoso {rN+}
rPois   +          Reflect  .    R - +1 hat of Spring Thaw {rF+ Str+3 Dex+3}
rElec   .          Rampage  .    T - scarf {rC+ rF+}
rCorr   +                        s - +2 pair of gloves {Dex+3}
Will    +....                    x - +2 pair of boots Stlth
                                 J - amulet of the Salamander {Faith Contam rN+ Dex+3}
HPRegen 0.46/turn                E - ring of poison resistance
MPRegen 0.19/turn                Z - ring of resist corrosion

@: about to teleport
A: (nimble swimmer 2), mertail
}: 3/15 runes: serpentine, barnacled, abyssal
a: Renounce Religion, Heroism, Finesse, Duel


You were on level 1 of the Elven Halls.
You worshipped Okawaru.
Okawaru was exalted by your worship.
You visited 9 branches of the dungeon, and saw 34 of its levels.
You visited the Abyss 2 times.

You collected 3466 gold pieces.
You spent 2854 gold pieces at shops.

Inventory:

Hand Weapons
 U - a +9 bardiche of freezing (weapon)
 V - a +2 antimagic halberd
Missiles
 a - a boomerang of dispersal
 d - 7 throwing nets
 i - 5 datura-tipped darts
 l - 31 poisoned darts (quivered)
 p - 13 silver javelins
 w - 16 javelins
 N - 8 atropa-tipped darts
Armour
 k - the +14 plate armour of Qotoso (worn) {rN+}
   (Okawaru gifted it to you on level 3 of the Snake Pit)

   rN:        It protects you from negative energy.
 s - a +2 pair of gloves of dexterity (worn)
 x - a +2 pair of boots (worn)
 R - the +1 hat of Spring Thaw (worn) {rF+ Str+3 Dex+3}
   (Okawaru gifted it to you on level 2 of the Snake Pit)

   Str:       It affects your strength (+3).
   Dex:       It affects your dexterity (+3).
   rF:        It protects you from fire.
 T - a scarf of resistance (worn)
Jewellery
 h - a ring of see invisible
 o - an amulet of regeneration
 E - a ring of poison resistance (left hand)
 J - the amulet of the Salamander (around neck) {Faith Contam rN+ Dex+3}
   (You found it on level 8 of the Dungeon)

   [amulet of faith]

   It allows you to gain divine favour quickly.
   Dex:       It affects your dexterity (+3).
   rN:        It protects you from negative energy.
   Contam:    It causes magical contamination when unequipped.
 Z - a ring of resist corrosion (right hand)
Wands
 c - a wand of mindburst (10)
 r - a wand of paralysis (9)
 y - a wand of polymorph (13)
 G - a wand of acid (14)
Scrolls
 e - 9 scrolls of teleportation
 f - 4 scrolls of poison
 q - a scroll of butterflies
 t - 9 scrolls of vulnerability
 u - a scroll of magic mapping
 A - a scroll of torment
 C - 3 scrolls of immolation
 D - 5 scrolls of fog
 F - a scroll of silence
 H - a scroll of enchant armour
Potions
 g - 2 potions of mutation
 m - 13 potions of curing
 I - 4 potions of lignification
 K - 5 potions of invisibility
 L - 2 potions of cancellation
 M - a potion of brilliance
 O - 3 potions of might
 P - 6 potions of haste
 Q - 2 potions of flight
 X - 5 potions of ambrosia
Miscellaneous
 b - a lightning rod (2/4)
 v - a tin of tremorstones (inert)
 z - a condenser vane (inert)
 S - a phial of floods (inert)


   Skills:
 + Level 17.1 Fighting
 - Level 24.0 Polearms
 - Level 3.5 Throwing
 + Level 14.8 Armour
 + Level 17.0 Dodging
 - Level 7.2 Invocations
 * Level 11.8 Evocations


You had 18 spell levels left.
You didn't know any spells.
Your spell library contained the following spells:

 Spells                   Type           Power      Damage    Failure   Level
 Beastly Appendage        Tmut           0%         N/A       98%         1
 Magic Dart               Conj           0%         1d3       98%         1
 Slow                     Hex            0%         N/A       98%         1
 Cigotuvi's Dreadful Rot  Necr/Pois/Air  0%         N/A       99%         2
 Ensorcelled Hibernation  Hex/Ice        0%         N/A       99%         2
 Lesser Beckoning         Tloc           0%         N/A       99%         2
 Poisonous Vapours        Pois/Air       0%         N/A       99%         2
 Searing Ray              Conj           0%         2d4       99%         2
 Static Discharge         Conj/Air       0%         2-2/arc   99%         2
 Sublimation of Blood     Necr           0%         N/A       99%         2
 Wereblood                Tmut           0%         N/A       99%         2
 Confusing Touch          Hex            0%         N/A       100%        3
 Dazzling Flash           Conj/Hex       0%         N/A       100%        3
 Gell's Gravitas          Tloc           0%         N/A       100%        3
 Inner Flame              Hex/Fire       0%         N/A       100%        3
 Mephitic Cloud           Conj/Pois/Air  0%         N/A       100%        3
 Ozocubu's Armour         Ice            0%         N/A       100%        3
 Portal Projectile        Hex/Tloc       0%         N/A       100%        3
 Spider Form              Tmut/Pois      0%         N/A       100%        3
 Stone Arrow              Conj/Erth      0%         3d7       100%        3
 Teleport Other           Tloc           0%         N/A       100%        3
 Vampiric Draining        Necr           0%         2d6       100%        3
 Anguish                  Hex/Necr       0%         N/A       100%        4
 Flame Wave               Conj/Fire      0%         2d4       100%        4
 Fulminant Prism          Conj/Hex       0%         3d5       100%        4
 Petrify                  Tmut/Erth      0%         N/A       100%        4
 Sticky Flame             Conj/Fire      0%         2d3       100%        4
 Agony                    Necr           0%         N/A       100%        5
 Blade Hands              Tmut           0%         N/A       100%        5
 Irradiate                Conj/Tmut      0%         3d11      100%        5
 Metabolic Englaciation   Hex/Ice        0%         N/A       100%        5
 Silence                  Hex/Air        0%         N/A       100%        5
 Orb of Destruction       Conj           0%         9d5       100%        7
 Storm Form               Tmut/Air       0%         N/A       100%        7
 Borgnjor's Revivificati  Necr           0%         N/A       100%        8
 Lehudib's Crystal Spear  Conj/Erth      0%         10d2      100%        8
 Maxwell's Capacitive Co  Air            0%         ∞         100%        8
 Necromutation            Tmut/Necr      0%         N/A       100%        8
 Death's Door             Necr           0%         N/A       100%        9
 Summon Guardian Golem    Hex/Summ       Unusable   N/A       N/A         3
 Tukima's Dance           Hex            Unusable   N/A       N/A         3
 Animate Armour           Summ/Erth      Unusable   N/A       N/A         4
 Summon Lightning Spire   Summ/Air       Unusable   N/A       N/A         4
 Summon Forest            Summ/Tloc      Unusable   N/A       N/A         5
 Simulacrum               Ice/Necr       Unusable   N/A       N/A         6
 Summon Cactus Giant      Summ           Unusable   N/A       N/A         6
 Malign Gateway           Summ/Tloc      Unusable   N/A       N/A         7
 Spellforged Servitor     Conj/Summ      Unusable   N/A       N/A         7

Dungeon Overview and Level Annotations

Branches:
Dungeon (15/15)            Temple (1/1) D:5            Lair (5/5) D:11
 Shoals (4/4) Lair:2        Snake (4/4) Lair:3        Slime (0/5) Lair:5
    Orc (2/2) D:11            Elf (1/3) Orc:2        Vaults (1/5) D:13
 Depths (1/4) D:15

Altars:
Ashenzari
Dithmenos
Elyvilon
Fedhas
Gozag
Hepliaklqana
Kikubaaqudgha
Nemelex Xobeh
Okawaru
Qazlal
Sif Muna
Trog
Uskayaw
Vehumet
Wu Jian
Xom
Zin
The Shining One

Shops:
Orc:2 *?[*   Shoals:1 [   Shoals:4 !   Snake:4 *

Annotations:
Lair:5 exclusion: 2 oklob plants
Orc:1 2 transporters


Innate Abilities, Weirdness & Mutations

((You are very nimble when in or above water. (Stealth+, EV+, Speed+++)))
Your lower body shifts to a powerful aquatic tail in water.


Message History

The hellephant breathes flames at you. The blast of flame hits you!!
You resist.
* * * LOW HITPOINT WARNING * * *
You take 21 damage, and have 27/161 hp.
You pick up the abyssal rune and feel its power. 3 runes!
That's enough to enter the realm of Zot.
Press } to see all the runes you have collected.
You feel the abyssal rune guiding you out of this place.
The hellephant is struck by lightning.
Flame seeps out of the hellephant.
Blink to where?
Press: ? - help, Dir - move target An angel comes into view.
It is wielding a +2 whip of holy wrath.
As you read the scroll of blinking, it crumbles to dust.
The angel shouts!
The hellephant is struck by lightning.
Flame seeps out of the hellephant.
The hellephant breathes flames at you. The blast of flame hits you!!
You resist.
* * * LOW HITPOINT WARNING * * *
The purple draconian shifter breathes dispelling energy at you.
The bolt of dispelling energy hits you but does no damage.
You pass through the gate.
Welcome back to the Elven Halls!
You take 18 damage, and have 10/161 hp.
Okay, then.
As you read the scroll of fear, it crumbles to dust.
You assume a fearsome visage.
The deep elf demonologist resists with some effort.
As you read the scroll of fear, it crumbles to dust.
You assume a fearsome visage.
The deep elf demonologist resists with some effort.
As you read the scroll of fear, it crumbles to dust.
You assume a fearsome visage.
The deep elf demonologist resists with some effort.
The deep elf demonologist mumbles some strange words.
Okay, then.
As you read the scroll of teleportation, it crumbles to dust.
You feel strangely unstable. The Brimstone Fiend gestures at you.
The sphere of damnation explodes!
The damnation engulfs you!!
You die...

###.#####.# #.### ...
#.........###...# ...
#..##...........# ...
#..##...........# ...
##''#####..####..# ###### ...
.....####..####.e######e...## ...
......##......1.......3.....##...
......#......#..)########4.1.(...
...^..'...⌠.....@# #....'...
.....###......##.# #..###...
....## #.....###.# #..# #..
...#######.#####.# #.'# #.
........##.# ##..# ....#... #
........##.###...# ... #...
........'......#####''#####..
........##)..#####......#
..).....##..####.........


You could see a Brimstone Fiend (summoned) and a deep elf demonologist.

Vanquished Creatures
  Saint Roka (Snake:3)
  Vashnia (Snake:2)
  Rupert (D:12)
  Asterion (Snake:4)
  A tentacled starspawn (Abyss:4)
  A kraken (Shoals:2)
  Agnes (Snake:1)
  11 nagarajas
  A frost giant (Shoals:4)
  A juggernaut zombie (D:15)
  Aizul (Lair:2)
  Louise (Snake:4)
  A deep elf elementalist (Elf:1)
  A draconian shifter (Abyss:4)
  2 stone giants
  A starflower (Abyss:4)
  An orc warlord (Orc:2)
  A deep elf annihilator (Elf:1)
  7 dire elephants (Abyss:4)
  Snorg (D:11)
  2 merfolk javelineers (Shoals:4)
  A fire dragon (Depths:1)
  6 merfolk impalers
  Josephine (Shoals:1)
  An ice dragon (Depths:1)
  8 hydras
  3 catoblepae
  2 salamander tyrants (Snake:3)
  Harold (Lair:1)
  2 alligator snapping turtles (Shoals:3)
  5 centaur warriors
  3 merfolk aquamancers (Shoals:4)
  2 ogre magi (Orc:2)
  3 boulder beetles
  15 two-headed ogres
  3 satyrs
  12 naga warriors
  8 death yaks
  13 anacondas
  3 dancing weapons (Elf:1)
  18 naga sharpshooters
  2 tengu warriors
  A deep troll shaman (Lair:5)
  An orc high priest (Orc:2)
  3 thrashing horrors (Abyss:3)
  Urug (D:13)
  3 deep elf knights (Elf:1)
  5 shock serpents
  A shadow wraith (Abyss:3)
  A fire crab (shapeshifter) (Abyss:3)
  A skyshark (Shoals:1)
  8 skeletal warriors
  An iron troll (Orc:2)
  5 salamander mystics
  A spatial maelstrom (Abyss:4)
  12 sea snakes
  Lodul (D:14)
  A deep troll (Orc:2)
  6 naga ritualists
  A phantasmal warrior (D:15)
  7 deep elf archers (Elf:1)
  10 deep elf zephyrmancers (Elf:1)
  A necromancer (D:15)
  A lindwurm (Lair:4)
  19 deep elf pyromancers
  4 orc knights
  15 mana vipers
  2 wolf spider zombies (D:14)
  5 harpies
  13 fauns
  An orc sorcerer (D:15)
  8 cyclopes
  8 manticores
  9 ugly things
  A wolf spider (Lair:3)
  16 salamanders
  A salamander (shapeshifter) (D:9)
  4 guardian serpents
  9 merfolk sirens
  A will-o-the-wisp (Abyss:4)
  10 centaur zombies (D:14)
  19 naga magi
  13 elephants
  Joseph (D:8)
  43 black mambas
  A frost giant skeleton (D:15)
  A torpor snail (Lair:1)
  2 smoke demons (Abyss:3)
  5 water nymphs (Shoals:4)
  9 cane toads
  An unseen horror (D:12)
  2 gargoyles
  A freezing wraith (D:13)
  3 kobold demonologists
  A spriggan zombie (D:15)
  An unseen horror (shapeshifter) (Elf:1)
  An efreet (D:13)
  6 rime drakes
  6 komodo dragons
  2 ancient zymes
  A yaktaur (D:15)
  3 tengu conjurers
  6 meliai
  7 starcursed masses (Abyss:3)
  A polar bear (Lair:5)
  A queen bee (Lair:4)
  11 trolls
  12 merfolk
  4 wind drakes
  Grinder (D:3)
  3 hornets
  A hornet (shapeshifter) (D:13)
  4 raiju (Abyss:3)
  5 blink frogs
  4 snapping turtles
  Prince Ribbit (D:5)
  An ettin zombie (D:15)
  11 dream sheep
  Sigmund (D:5)
  4 slime creatures
  5 shadows
  6 wyverns
  35 yaks
  A vampire (D:11)
  2 water elementals (Shoals:4)
  Eustachio (D:4)
  4 basilisks
  11 wraiths
  16 humans (D:13)
  2 fire bats
  A neqoxec (Abyss:4)
  14 vampire mosquitoes
  2 steam dragons (D:7)
  Edmund (D:5)
  3 acid dragons
  57 nagas
  4 wargs (Orc:2)
  5 spatial vortices (Abyss:4)
  9 water moccasins
  A floating eye (shapeshifter) (Elf:1)
  5 ice beasts
  31 orc warriors
  2 sky beasts (D:7)
  2 large abominations (Abyss:4)
  A black bear (Lair:5)
  32 ogres
  18 wolves
  5 centaurs
  6 kobold brigands
  Blork the orc (D:5)
  18 bullfrogs
  An earth elemental (Elf:1)
  3 scorpions
  2 gnoll sergeants (D:9)
  9 wights
  37 killer bees
  A vampire bat (D:9)
  5 electric eels
  A jelly (D:8)
  4 hounds
  11 orc priests
  A sleepcap (D:6)
  3 boggart zombies (D:14)
  An iguana (D:6)
  6 hell rats (Lair:1)
  22 orc wizards
  A small abomination (Abyss:4)
  16 gnolls
  5 river rats
  7 adders
  A shadow imp (D:6)
  A white imp (D:6)
  An ufetubus (D:5)
  2 worms (D:2)
  6 dart slugs
  71 orcs
  9 ball pythons
  3 bat skeletons (D:9)
  A bat zombie (D:9)
  6 endoplasms
  2 giant cockroaches (D:1)
  3 goblins
  2 hobgoblins
  8 jackals
  2 quokkas
  4 bats
  2 frilled lizards (D:3)
  15 kobolds
  6 rats
1131 creatures vanquished.

Vanquished Creatures (others)
  An orc wizard (D:11)
  2 orcs (D:7)
  A kobold (D:7)
  6 foxfires (Abyss:4)
  26 fungi
  109 plants
  2 starspawn tentacles (Abyss:4)
  4 tentacles (Shoals:2)
  6 withered plants (D:14)
157 creatures vanquished.

Grand Total: 1288 creatures vanquished

Notes
Turn   | Place    | Note
-------+----------+-------------------------------------------
     0 | D:1      | jasper the Merfolk Gladiator began the quest for the Orb.
     0 | D:1      | Reached XP level 1. HP: 16/16 MP: 1/1
   188 | D:1      | Reached XP level 2. HP: 22/22 MP: 2/2
   483 | D:1      | Reached skill level 5 in Polearms
   824 | D:2      | Reached XP level 3. HP: 27/27 MP: 3/3
  1035 | D:2      | Found a faded altar of an unknown god.
  1326 | D:2      | Reached skill level 6 in Polearms
  1410 | D:3      | Reached XP level 4. HP: 33/33 MP: 4/4
  1475 | D:3      | Noticed a scorpion
  1495 | D:3      | Noticed Grinder
  1516 | D:3      | Paralysed by Grinder for 5 turns
  1524 | D:3      | Killed Grinder
  1525 | D:3      | Reached skill level 9 in Polearms
  1525 | D:3      | Reached XP level 5. HP: 38/38 MP: 5/5
  1525 | D:3      | Reached XP level 6. HP: 44/44 MP: 6/6
  1650 | D:3      | Found a broken altar of Ashenzari.
  1675 | D:3      | Got the Anthology of Stormy Calling
  2562 | D:4      | Found a shadowy altar of Dithmenos.
  2575 | D:4      | Noticed Eustachio
  2601 | D:4      | Killed Eustachio
  2602 | D:4      | Reached skill level 10 in Polearms
  2602 | D:4      | Reached XP level 7. HP: 38/50 MP: 7/7
  2657 | D:4      | Found an opulent altar of Gozag.
  2766 | D:4      | Reached skill level 11 in Polearms
  3913 | D:5      | Entered Level 5 of the Dungeon
  3989 | D:5      | Found a staircase to the Ecumenical Temple.
  3991 | D:5      | Noticed Prince Ribbit
  4000 | Temple   | Entered the Ecumenical Temple
  4048 | Temple   | Became a worshipper of Warmaster Okawaru
  4062 | D:5      | Killed Prince Ribbit
  4063 | D:5      | Reached skill level 12 in Polearms
  4063 | D:5      | Reached XP level 8. HP: 50/56 MP: 8/8
  4081 | D:5      | Found a shimmering blue altar of Sif Muna.
  4107 | D:5      | Found a hazy altar of Hepliaklqana.
  4131 | D:5      | Noticed Blork the orc
  4134 | D:5      | Killed Blork the orc
  4195 | D:5      | Noticed Sigmund
  4199 | D:5      | Killed Sigmund
  4200 | D:5      | Reached skill level 13 in Polearms
  4575 | D:5      | Noticed Edmund
  4599 | D:5      | Killed Edmund
  4711 | D:5      | Reached * piety under Okawaru
  4995 | D:5      | Reached skill level 15 in Dodging
  4995 | D:5      | Reached XP level 9. HP: 61/61 MP: 9/9
  5069 | D:6      | Reached skill level 14 in Polearms
  5332 | D:6      | Reached skill level 1 in Invocations
  5945 | D:7      | Reached XP level 10. HP: 67/69 MP: 9/11
  6015 | D:7      | Reached skill level 1 in Armour
  6366 | D:7      | Found a shimmering altar of Xom.
  6380 | D:7      | Reached ** piety under Okawaru
  6960 | D:8      | Identified the amulet of the Salamander {Faith Contam rN+
                  | Dex+3}
  7060 | D:8      | Found an ornate altar of the Wu Jian Council.
  7232 | D:8      | Reached skill level 1 in Evocations
  7396 | D:8      | Noticed Joseph
  7403 | D:8      | Killed Joseph
  7403 | D:8      | Reached *** piety under Okawaru
  7618 | D:8      | Found the +6 shillelagh "Devastator" {shatter}
  7994 | D:9      | Found a hide-covered altar of Uskayaw.
  8128 | D:9      | Noticed a two-headed ogre
  8134 | D:9      | Killed a two-headed ogre
  8134 | D:9      | Reached **** piety under Okawaru
  8135 | D:9      | Reached skill level 5 in Fighting
  8135 | D:9      | Reached XP level 11. HP: 80/80 MP: 13/13
  8302 | D:9      | Reached ***** piety under Okawaru
  8319 | D:9      | Noticed a two-headed ogre
  8325 | D:9      | Killed a two-headed ogre
  8370 | D:9      | Noticed a boulder beetle
  8395 | D:9      | Killed a boulder beetle
  8395 | D:9      | Identified the +1 chain mail "Jumaotel" {+Blink rF+ SInv}
                  | (Okawaru gifted it to you on level 9 of the Dungeon)
  8395 | D:9      | Received a gift from Okawaru
  8422 | D:9      | Noticed a salamander
  8438 | D:9      | Killed a salamander
  8493 | D:9      | You fall into a shaft and drop 3 floors!
  8508 | D:12     | Noticed a cyclops
  8511 | D:12     | Killed a cyclops
  8527 | D:12     | Identified the +1 leather armour of Ujeopel {Str+3}
  8720 | D:11     | Noticed a two-headed ogre
  8739 | D:11     | Reached skill level 5 in Evocations
  8939 | D:10     | Entered Level 10 of the Dungeon
  8939 | D:10     | Noticed a two-headed ogre
  8949 | D:10     | Killed a two-headed ogre
  9099 | D:10     | Found a stormy altar of Qazlal.
  9127 | D:10     | Noticed a sixfirhy
  9133 | D:10     | Reached skill level 5 in Invocations
  9157 | D:10     | Found a sparkling altar of Nemelex Xobeh.
  9186 | D:10     | Reached XP level 12. HP: 49/91 MP: 15/15
  9313 | D:10     | Found a white marble altar of Elyvilon.
  9528 | D:9      | Noticed a centaur warrior
  9538 | D:9      | Killed a centaur warrior
  9873 | D:9      | Reached skill level 5 in Armour
 10007 | D:9      | Found an ancient bone altar of Kikubaaqudgha.
 10300 | D:10     | Paralysed by a hornet for 3 turns
 10432 | D:10     | Found a bloodstained altar of Trog.
 10586 | D:10     | Found a blossoming altar of Fedhas.
 10847 | D:11     | Killed a two-headed ogre
 11014 | D:11     | Identified the +1 scale mail of the New World {rF+ rC- MP+9
                  | Dex+7} (Okawaru gifted it to you on level 11 of the
                  | Dungeon)
 11014 | D:11     | Received a gift from Okawaru
 11025 | D:11     | Found a staircase to the Lair.
 11681 | D:11     | Found a staircase to the Orcish Mines.
 11737 | Lair:1   | Entered Level 1 of the Lair of Beasts
 11811 | Lair:1   | Noticed a boulder beetle
 11839 | Lair:1   | Killed a boulder beetle
 12161 | Lair:1   | Noticed Harold
 12174 | Lair:1   | Paralysed by Harold for 4 turns
 12180 | Lair:1   | Killed Harold
 13210 | Lair:2   | Noticed a five-headed hydra
 13218 | Lair:2   | Killed a five-headed hydra
 13219 | Lair:2   | Reached XP level 13. HP: 93/103 MP: 18/18
 13553 | Lair:2   | Found a staircase to the Shoals.
 13751 | Lair:3   | Found a staircase to the Snake Pit.
 13757 | Lair:3   | Reached skill level 10 in Fighting
 13757 | Lair:3   | Received a gift from Okawaru
 14531 | Lair:3   | Identified the +7 great sword "Soddeu" {heavy, rElec rPois
                  | rC- rN+++} (Okawaru gifted it to you on level 3 of the Lair
                  | of Beasts)
 14531 | Lair:3   | Received a gift from Okawaru
 15745 | Lair:3   | Reached ****** piety under Okawaru
 15942 | Lair:3   | Received a gift from Okawaru
 16239 | Lair:4   | Received a gift from Okawaru
 16389 | Lair:4   | Identified the +2 cloak of Subjectivity {Harm rPois Str-4
                  | Int-3}
 17427 | Lair:4   | Reached skill level 15 in Polearms
 17492 | Lair:4   | Reached XP level 14. HP: 81/115 MP: 19/19
 17515 | Lair:4   | Received a gift from Okawaru
 17935 | Lair:4   | Reached skill level 16 in Polearms
 18378 | Lair:4   | Received a gift from Okawaru
 18547 | Lair:5   | Entered Level 5 of the Lair of Beasts
 18811 | Lair:5   | Reached skill level 17 in Polearms
 18995 | Lair:5   | Found a staircase to the Slime Pits.
 19427 | Lair:5   | Reached skill level 18 in Polearms
 19537 | Lair:5   | Identified the +1 halberd of the Spectre {venom, rElec rF++
                  | Int-4 Dex+3} (Okawaru gifted it to you on level 5 of the
                  | Lair of Beasts)
 19537 | Lair:5   | Received a gift from Okawaru
 19785 | Lair:5   | Received a gift from Okawaru
 19786 | Lair:5   | Reached skill level 19 in Polearms
 20426 | Orc:1    | Entered Level 1 of the Orcish Mines
 20426 | Orc:1    | Noticed Snorg
 20443 | D:11     | Killed Snorg
 20630 | D:11     | HP: 5/115 [orc knight/+0 war axe (15)]
 21344 | Orc:1    | Noticed a stone giant
 21413 | Orc:2    | Entered Level 2 of the Orcish Mines
 21527 | Orc:2    | Noticed an orc warlord
 21540 | Orc:2    | Killed an orc warlord
 21541 | Orc:2    | Reached skill level 20 in Polearms
 21774 | Orc:1    | Reached XP level 15. HP: 92/121 MP: 20/20
 22000 | Orc:2    | Received a gift from Okawaru
 22560 | Orc:2    | Found a staircase to the Elven Halls.
 22628 | Orc:1    | Found a transporter.
 22629 | Orc:1    | Found a transporter.
 22715 | Orc:2    | Identified the +5 glaive of Vuakk {heavy, rPois rCorr Int-2
                  | Dex-3 Stlth+} (Okawaru gifted it to you on level 2 of the
                  | Orcish Mines)
 22715 | Orc:2    | Received a gift from Okawaru
 23060 | Orc:2    | Found Puohumes's Magic Scroll Emporium.
 23065 | Orc:2    | Found Seus's General Store.
 23066 | Orc:2    | Found Sesahinn's Armour Boutique.
 23076 | Orc:2    | Found Ylihyog's General Store.
 23320 | Orc:2    | Bought a potion of curing for 42 gold pieces
 23325 | Orc:2    | Bought a scroll of enchant armour for 97 gold pieces
 23325 | Orc:2    | Bought a scroll of fear for 52 gold pieces
 23325 | Orc:2    | Bought a scroll of magic mapping for 97 gold pieces
 23325 | Orc:2    | Bought a scroll of vulnerability for 52 gold pieces
 23753 | D:12     | Noticed Rupert
 23764 | D:12     | Killed Rupert
 24478 | D:13     | Noticed Urug
 24478 | D:13     | Found a gate to the Vaults.
 24598 | Snake:1  | Entered Level 1 of the Snake Pit
 24690 | Snake:1  | Received a gift from Okawaru
 25456 | Snake:1  | Reached skill level 15 in Fighting
 25756 | Snake:2  | Noticed Agnes
 25782 | Snake:1  | Killed Agnes
 26357 | Snake:2  | Reached XP level 16. HP: 127/136 MP: 21/21
 26654 | Snake:2  | Received a gift from Okawaru
 27099 | Snake:2  | Found a shimmering altar of Xom.
 27356 | Snake:2  | Identified the +1 hat of Spring Thaw {rF+ Str+3 Dex+3}
                  | (Okawaru gifted it to you on level 2 of the Snake Pit)
 27356 | Snake:2  | Received a gift from Okawaru
 27698 | Snake:2  | Reached skill level 10 in Armour
 27901 | Snake:2  | Noticed Vashnia
 27922 | Snake:2  | Killed Vashnia
 28120 | Snake:2  | Upgraded the game from 0.30-a0-860-g512cf1e979 to
                  | 0.30-a0-862-g1aabd4f9c5
 28872 | Snake:3  | Noticed a nagaraja
 28879 | Snake:3  | Killed a nagaraja
 29051 | Snake:3  | Noticed a nagaraja
 29057 | Snake:2  | Killed a nagaraja
 29199 | Snake:3  | Identified the +14 plate armour of Qotoso {rN+} (Okawaru
                  | gifted it to you on level 3 of the Snake Pit)
 29199 | Snake:3  | Received a gift from Okawaru
 29341 | Snake:3  | Noticed a nagaraja
 29351 | Snake:3  | Killed a nagaraja
 29497 | Snake:3  | Found a glowing silver altar of Zin.
 29961 | Snake:3  | Reached XP level 17. HP: 144/144 MP: 22/22
 30526 | Snake:3  | Found a hazy altar of Hepliaklqana.
 30835 | Snake:3  | Found a hide-covered altar of Uskayaw.
 30869 | Snake:4  | Entered Level 4 of the Snake Pit
 31214 | Snake:4  | Noticed Saint Roka
 31856 | Snake:4  | Received a gift from Okawaru
 32268 | Snake:4  | Noticed Asterion
 32286 | Snake:4  | Killed Asterion
 32504 | Snake:4  | Noticed Louise
 32512 | Abyss:3  | Found a corrupted altar of Lugonu.
 32512 | Abyss:3  | Cast into level 3 of the Abyss (Louise)
 32674 | Snake:4  | Escaped the Abyss
 32802 | Snake:4  | Killed Louise
 33631 | Snake:3  | Killed Saint Roka
 35231 | Snake:4  | Found Yroohayjau's Assorted Antiques.
 35239 | Snake:4  | Bought a potion of curing for 120 gold pieces
 35239 | Snake:4  | Bought a scroll of teleportation for 120 gold pieces
 35239 | Snake:4  | Bought a potion of invisibility for 320 gold pieces
 35239 | Snake:4  | Bought a wand of acid (6) for 1008 gold pieces
 35239 | Snake:4  | Bought a wand of iceblast (3) for 288 gold pieces
 35426 | Snake:4  | Received a gift from Okawaru
 35458 | Snake:4  | Identified the +0 hat "Qecirch" {Harm Str-2 Int+4} (Okawaru
                  | gifted it to you on level 4 of the Snake Pit)
 35458 | Snake:4  | Received a gift from Okawaru
 35823 | Snake:4  | Got a serpentine rune of Zot
 36144 | Shoals:1 | Entered Level 1 of the Shoals
 36144 | Shoals:1 | Noticed Aizul
 36160 | Lair:2   | Killed Aizul
 36161 | Lair:2   | Reached skill level 21 in Polearms
 36161 | Lair:2   | Reached XP level 18. HP: 57/151 MP: 23/23
 36547 | D:13     | Killed Urug
 37506 | Vaults:1 | Entered Level 1 of the Vaults
 37629 | D:14     | Reached skill level 22 in Polearms
 37668 | D:14     | Noticed Lodul
 37721 | D:14     | Killed Lodul
 38465 | D:14     | Reached skill level 23 in Polearms
 38724 | D:15     | Entered Level 15 of the Dungeon
 39622 | D:15     | Found a staircase to the Depths.
 39649 | D:15     | Identified the +1 chain mail of Doyguc {rElec} (Okawaru
                  | gifted it to you on level 15 of the Dungeon)
 39649 | D:15     | Received a gift from Okawaru
 40211 | Depths:1 | Entered Level 1 of the Depths
 40714 | Shoals:1 | Found Zyfauju's Antique Armour Shoppe.
 40725 | Shoals:1 | Bought a fine cloak for 266 gold pieces
 40725 | Shoals:1 | Identified the +4 cloak of the Fiddle {-Tele rElec Will+
                  | Dex+3} (You bought it in a shop on level 1 of the Shoals)
 40725 | Shoals:1 | Noticed Josephine
 40735 | Shoals:1 | Killed Josephine
 40743 | Shoals:1 | Reached skill level 24 in Polearms
 40856 | Shoals:1 | Identified the +6 great sword of Ragnarok {spect, *Rage
                  | Int+5 Dex+2 SInv}
 42935 | Shoals:3 | Reached XP level 19. HP: 157/157 MP: 24/24
 43619 | Shoals:4 | Entered Level 4 of the Shoals
 43693 | Shoals:4 | Received a gift from Okawaru
 44538 | Shoals:4 | Reached skill level 10 in Evocations
 44813 | Shoals:4 | Found Ixagav's Distillery.
 44821 | Shoals:4 | Bought a potion of haste for 140 gold pieces
 44821 | Shoals:4 | Bought a potion of curing for 42 gold pieces
 44821 | Shoals:4 | Bought a potion of curing for 42 gold pieces
 44821 | Shoals:4 | Bought a potion of might for 56 gold pieces
 44821 | Shoals:4 | Bought 2 potions of might for 112 gold pieces
 45564 | Shoals:4 | Identified the +10 hand axe of Pandemonium {heavy, *Rage
                  | rCorr Dex+9}
 45612 | Shoals:4 | Got a barnacled rune of Zot
 45875 | Elf:1    | Entered Level 1 of the Elven Halls
 45904 | Elf:1    | Found a radiant altar of Vehumet.
 45908 | Elf:1    | Received a gift from Okawaru
 46224 | Elf:1    | Received a gift from Okawaru
 47355 | Elf:1    | Noticed a Hell Sentinel
 47375 | Abyss:3  | Cast into level 3 of the Abyss (a deep elf demonologist)
 47386 | Abyss:3  | Found a corrupted altar of Lugonu.
 47511 | Abyss:4  | Found a corrupted altar of Lugonu.
 47520 | Abyss:4  | Received a gift from Okawaru
 47541 | Abyss:4  | Noticed a hellephant
 47552 | Abyss:4  | Found a corrupted altar of Lugonu.
 47553 | Abyss:4  | Noticed a hellephant
 47570 | Abyss:4  | Got an abyssal rune of Zot
 47573 | Elf:1    | Escaped the Abyss
 47577 | Elf:1    | Noticed a Brimstone Fiend
 47577 | Elf:1    | Killed from afar by a Brimstone Fiend

Illustrated notes

Levels and vault maps discovered:
D:1:      dpeg_arrival_tiny_a, layout_basic
D:2:      layout_loops_ring, ebering_ecumenical_altar_sacrificial,
          minmay_misc_feat_more_columns, minmay_quantized
D:3:      layout_loops_ring, mainiacjoe_overflow_concentric_impassable,
          nicolae_kite_square_tiling_tiny, kennysheep_nub, uniq_grinder
D:4:      layout_layer_cave, mainiacjoe_overflow_brackets,
          mainiacjoe_overflow_24_doors, uniq_eustachio
D:5:      layout_basic, grunt_temple_overflow_open,
          minmay_temple_entry_statues_fountains, kennysheep_big_empty_room,
          uniq_blork_the_orc, uniq_prince_ribbit1, uniq_edmund, uniq_sigmund
D:6:      layout_cave_pods, serial_column_ruins, column_ruins_hut,
          column_ruins_open_medium_water, column_ruins_corridor_dead_end,
          column_ruins_open_large, column_ruins_grid_3,
          column_ruins_columns_corner
D:7:      layout_rooms, mainiacjoe_overflow_paths
D:8:      minmay_weird_star, layout_basic, nicolae_wu_jian_glorious_leap,
          minmay_fractal_squares_5, uniq_joseph
D:9:      layout_roguey, nicolae_uskayaw_murder_on_the_dancefloor,
          kennysheep_vampire_church, minmay_shattered_shrine
D:10:     layout_big_octagon, mainiacjoe_overflow_alcove_2,
          nicolae_qazlal_general_emergency, nemelex_xobeh_ov_fountains_minmay,
          old_standard_altar, trog_antimagical
D:11:     layout_irregular_city, hellmonk_lair_entry_icy, erik_orc_2,
          serial_column_ruins, column_ruins_grid_1, column_ruins_columns_T,
          column_ruins_open_tiny, column_ruins_open_tiny, minmay_alternating_orb
D:12:     layout_long_grid, serial_co_window_serial, co_window_cross_1,
          co_window_paths_b, co_window_of_opportunity_a, co_window_paths_b,
          co_window_corner_a, co_window_broadway_b, co_window_corner_ca,
          co_window_unsneaky_path_b, co_window_broadway_a, co_window_paths_c,
          co_window_of_opportunity_b, co_window_of_opportunity_c,
          co_window_paths_e, glass_columns_a, glass_columns_a, glass_columns_a,
          glass_columns_a, glass_columns_c, uniq_rupert
D:13:     layout_cave_pods, david_vaults_3, portal_ice_cave_rime
D:14:     layout_cave_pools, serial_undead, serial_undead_c, serial_undead_c,
          serial_undead_f, serial_undead_e, serial_undead_b, serial_undead_e,
          serial_undead_e, serial_undead_a, serial_undead_e, serial_undead_f,
          uniq_lodul
D:15:     gammafunk_depths_entry_grave, layout_small_grid, minivault_25
Temple:   hellmonk_temple_forest_ring
Lair:1:   layout_hall_layers, kennysheep_abandoned_house, uniq_harold
Lair:2:   layout_small_grid, minmay_shoals_entry_hut, uniq_sonja
Lair:3:   nzn_winding_woodlands_three_and_one [nzn_winding_woodlands_5x15_pool,
          nzn_winding_woodlands_5x15_sawtooth,
          nzn_winding_woodlands_5x15_concentric,
          nzn_winding_woodlands_center_triple_pond], layout_gridlike,
          guppyfry_snake_entry_island, dreamdust_mushroom_princess
Lair:4:   regret_index_combs_of_tragedy, layout_cave_pods,
          amcnicky_mini_pool_medium
Lair:5:   grunt_lair_end_beastmaster, layout_cellular_growth,
          minmay_slime_entry_oklob_open, serial_bayou_pond_c,
          chequers_serial_rivers_room_a
Shoals:1: layout_shoals, serial_shops, shop, uniq_aizul, uniq_josephine
Shoals:2: layout_shoals, nicolae_shoals_so_close
Shoals:3: layout_shoals
Shoals:4: shoals_end_grunt_ice, layout_shoals, serial_shops, shop
Snake:1:  layout_onion_interference, serial_bayou_pond_a
Snake:2:  layout_cave_pods, basic_altar, lemuel_fruit_tree, grunt_megastairs_5,
          uniq_vashnia, uniq_agnes
Snake:3:  layout_misc_corridors, basic_altar, nicolae_snake_biting_tails,
          hangedman_feature_mirror
Snake:4:  grunt_snake_rune_pools, layout_grid_shapes, serial_shops, shop,
          uniq_asterion, uniq_louise, uniq_saint_roka
Orc:1:    gammafunk_beogh_shrine, layout_caves, uniq_snorg
Orc:2:    st_orc_open, layout_caves
Elf:1:    eino_elf_arrival_altar, layout_gridlike, minmay_elf_sorcery,
          solitary_fountain
Vaults:1: nicolae_vaults_network_s, dpeg_vaults_monster_doublerow,
          vaults_dpeg_diagonal, v_alt_pattern_1,
          nicolae_vaults_little_squares_4, v_misc_28, vaults_room_corners,
          vaults_room_door_hall, layout_vaults_quadrants
Depths:1: cross_vault, layout_twisted_cross, enter_ziggurat_e,
          abyss_entry_small_statue_room, hell_entry, minmay_misc_feat_rows,
          nicolae_water_bricks, nicolae_diode_stairs

Skill      XL: |  1  2  3  4  5  6  7  8  9 10 11 12 13 14 15 16 17 18 19 |
---------------+----------------------------------------------------------+-----
Polearms       | 5 6 9 10 12 13 14 15 20 21 24 | 24.0
Dodging        | 15 17 | 17.0
Invocations    | 1 2 5 7 |  7.2
Armour         | 3 4 6 7 8 11 14 | 14.8
Fighting       | 5 7 9 12 15 16 17 | 17.1
Throwing       | 3 |  3.5
Evocations     | 2 5 7 8 9 11 | 11.8

Action                     |  1- 3 |  4- 6 |  7- 9 | 10-12 | 13-15 | 16-18 | 19-21 || total
---------------------------+-------+-------+-------+-------+-------+-------+-------++-------
  Melee: Trident           |    81 |    63 |   126 |   602 |   465 |       |       ||  1337
         Tailslap          |       |     1 |       |     2 |       |    17 |     3 ||    23
         Punch             |       |       |       |     5 |    10 |       |       ||    15
         Glaive            |       |       |       |       |   598 |   752 |       ||  1350
         Bardiche          |       |       |       |       |       |   463 |   318 ||   781
  Throw: Dart              |     7 |     1 |       |       |       |    29 |    96 ||   133
         Stone             |       |     9 |     5 |    23 |       |       |       ||    37
         Javelin           |       |     1 |       |       |       |       |       ||     1
         Boomerang         |       |       |       |     1 |   224 |   277 |       ||   502
         Throwing net      |       |       |       |       |       |     1 |     1 ||     2
 Invoke: Heroism           |       |       |       |     4 |    10 |     7 |     2 ||    23
         Finesse           |       |       |       |       |     9 |     5 |     2 ||    16
  Evoke: Wand              |       |       |       |    17 |    14 |    16 |    21 ||    68
         Condenser vane    |       |       |       |     2 |     5 |     8 |     4 ||    19
         Phial of floods   |       |       |       |     1 |     1 |     5 |     1 ||     8
         Lightning rod     |       |       |       |       |    20 |    17 |    13 ||    50
         Tin of tremorston |       |       |       |       |       |     2 |     5 ||     7
    Use: Scroll            |    12 |     2 |     5 |     9 |    13 |     6 |     9 ||    56
         Potion            |       |     1 |     2 |     3 |    10 |     1 |     4 ||    21
   Stab: Sleeping          |     1 |       |       |       |       |       |       ||     1
         Distracted        |       |       |     2 |    12 |    11 |     3 |       ||    28
         Confused          |       |       |       |     1 |       |       |       ||     1
         Paralysed         |       |       |       |    31 |       |       |       ||    31
         Betrayed ally     |       |       |       |     1 |     1 |       |       ||     2
         Petrified         |       |       |       |       |     4 |       |       ||     4
         Petrifying        |       |       |       |       |       |     2 |       ||     2
 Armour: Leather armour    |     7 |       |       |       |       |       |       ||     7
         Ring mail         |     8 |     5 |       |       |       |       |       ||    13
         Skin              |       |     6 |       |       |       |       |       ||     6
         Scale mail        |       |    13 |    16 |    86 |   234 |    49 |       ||   398
         Plate armour      |       |       |       |       |       |   466 |   159 ||   625
  Dodge: Dodged            |    35 |    28 |    17 |   286 |   702 |   870 |   205 ||  2143

Table legend: (Time is in decaauts)
 A = Elapsed time spent in this place.
 B = Non-inter-level travel time spent in this place.
 C = Inter-level travel time spent in this place.
 D = Time resting spent in this place.
 E = Time spent auto-exploring this place.
 F = Levels seen in this place.
 G = Mean time per level.
                   A        B        C        D        E       F      G
               +--------+--------+--------+--------+--------+-----+--------+
         Total |  45692 |  42917 |   2775 |  12450 |  22872 |  37 | 1234.9 |
       Dungeon |  17244 |  15998 |   1246 |   3201 |   9938 |  15 | 1149.6 |
        Temple |     56 |     30 |     26 |      0 |     24 |   1 |   56.0 |
          Lair |   8858 |   8211 |    647 |   1987 |   4877 |   5 | 1771.6 |
        Shoals |   4303 |   4134 |    169 |    997 |   2472 |   4 | 1075.8 |
     Snake Pit |  11120 |  10559 |    561 |   4899 |   3914 |   4 | 2780.0 |
  Orcish Mines |   2100 |   1977 |    123 |    822 |    670 |   2 | 1050.0 |
   Elven Halls |   1439 |   1439 |      0 |    268 |    881 |   1 | 1439.0 |
        Vaults |      1 |      1 |      0 |      0 |      0 |   1 |    1.0 |
        Depths |    237 |    237 |      0 |    183 |      0 |   1 |  237.0 |
         Abyss |    329 |    329 |      0 |     89 |     94 |   3 |  109.7 |
               +--------+--------+--------+--------+--------+-----+--------+

Top non-repeatable levels by time:
 Snake:3: 3715 daAuts
 Snake:4: 3286 daAuts
  Lair:4: 2462 daAuts
 Snake:2: 2448 daAuts
    D:11: 2228 daAuts
  Lair:2: 2008 daAuts
 Snake:1: 1671 daAuts
     D:4: 1670 daAuts
  Lair:3: 1615 daAuts
  Lair:5: 1582 daAuts
     D:8: 1447 daAuts
   Elf:1: 1439 daAuts
    D:15: 1434 daAuts
    D:12: 1285 daAuts
Shoals:3: 1252 daAuts
